 Dungeon Crawl Stone Soup version 0.30-a0-1160-g6e42c06551 (webtiles) character file.

Game seed: 18189399142841940194

160011 funkygono the Peltast (level 17, -8/162 HPs)
             Began as a Minotaur Fighter on Apr 26, 2023.
             Was an Elder of Okawaru.
             Shot with an arrow by a naga sharpshooter (20 damage)
             ... on level 4 of the Snake Pit.
             The game lasted 00:53:32 (21575 turns).

funkygono the Peltast (Minotaur Fighter)           Turns: 21575, Time: 00:53:34

Health: -8/162     AC: 27    Str: 33    XL:     17   Next: 17%
Magic:  19/19      EV: 11    Int:  7    God:    Okawaru [****..]
Gold:   3635       SH: 33    Dex: 11    Spells: 16/16 levels left

rFire   + + +        R - +9 hand axe "Japlem" {elec, Fragile Fly Str+5}
rCold   . . .        Q - +10 tower shield of Ignorance {rN+ Int-4}
rNeg    + + +        F - +0 plate armour
rPois   .            M - +1 hat of Hysteria {-Tele rN++ Int+6}
rElec   .            t - scarf of Keutaogo {harm, -Tele rF+++ rN+ Regen+}
rCorr   .            V - +2 pair of gloves {infuse}
SInv    .            p - +2 pair of boots
Will    ++...        P - amulet of Vitality {RegenMP++ Regen++} Stlth
                     D - ring of willpower
HPRegen 2.87/turn    m - ring of the Octopus King {rN+ HP+2 AC+2 EV+2 SH+2}
MPRegen 0.96/turn

%: no teleportation, harm (+30% outgoing, +20% incoming), infuse magic (1 MP)
@: lethally poisoned (-8 -> -13), flying, studying 2 skills
A: horns 2, retaliatory headbutt
a: Renounce Religion, Heroism, Finesse


You were on level 4 of the Snake Pit.
You worshipped Okawaru.
Okawaru was greatly pleased with you.
You visited 5 branches of the dungeon, and saw 27 of its levels.
You also visited: Trove.

You collected 3635 gold pieces.

Inventory:

Hand Weapons
 b - the +5 broad axe of Zawkaf {flame, Drain rElec rPois Str+4}
   (You acquired it on level 4 of the Dungeon)

   Str:       It affects your strength (+4).
   rElec:     It insulates you from electricity.
   rPois:     It protects you from poison.
   Drain:     It drains your maximum health when unequipped.
 R - the +9 hand axe "Japlem" (weapon) {elec, Fragile Fly Str+5}
   (Okawaru gifted it to you on level 5 of the Lair of Beasts)

   Str:       It affects your strength (+5).
   Fly:       It grants you flight.
   Fragile:   It will be destroyed if unequipped.
 U - the +7 war axe "Pendulum" {freeze, MP+9 Int-5 Dex+4}
   (You found it on level 5 of the Lair of Beasts)

   Int:       It affects your intelligence (-5).
   Dex:       It affects your dexterity (+4).
   MP:        It affects your magic capacity (+9).
Missiles
 d - 4 throwing nets
 e - 14 boomerangs of dispersal
 g - 10 javelins
 u - 10 boomerangs (quivered)
Armour
 p - a +2 pair of boots (worn)
 t - the scarf of Keutaogo (worn) {harm, -Tele rF+++ rN+ Regen+}
   (You acquired it on level 4 of the Dungeon)

   rF:        It renders you almost immune to fire.
   rN:        It protects you from negative energy.
   -Tele:     It prevents most forms of teleportation.
   Regen:     It increases your rate of health regeneration.
 F - a +0 plate armour (worn)
 M - the +1 hat of Hysteria (worn) {-Tele rN++ Int+6}
   (Okawaru gifted it to you on level 10 of the Dungeon)

   Int:       It affects your intelligence (+6).
   rN:        It greatly protects you from negative energy.
   -Tele:     It prevents most forms of teleportation.
 Q - the +10 tower shield of Ignorance (worn) {rN+ Int-4}
   (You found it in a treasure trove)

   Int:       It affects your intelligence (-4).
   rN:        It protects you from negative energy.
 V - a +2 pair of gloves of infusion (worn)
Jewellery
 f - a +4 ring of protection
 m - a ring of the Octopus King (right hand) {rN+ HP+2 AC+2 EV+2 SH+2}
   (You found it on level 3 of the Dungeon)

   [ring of positive energy]

   AC:        It affects your AC (+2).
   EV:        It affects your evasion (+2).
   rN:        It protects you from negative energy.
   HP:        It affects your health (+2).
   SH:        It affects your SH (+2).
 w - a +6 ring of strength
 D - a ring of willpower (left hand)
 O - a ring of willpower
 P - the amulet of Vitality (around neck) {RegenMP++ Regen++}
   (You found it in a treasure trove)

   [amulet of magic regeneration]

   It increases your rate of magic regeneration.
   Regen:     It increases your rate of health regeneration.
 T - the ring of the Neverending Realms {rF+ rC+++ Str+5 Stlth-}
   (You found it on level 14 of the Dungeon)

   [ring of protection from fire]

   Str:       It affects your strength (+5).
   rF:        It protects you from fire.
   rC:        It renders you almost immune to cold.
   Stlth:     It makes you less stealthy.
Wands
 r - a wand of acid (48)
 v - a wand of paralysis (12)
 x - a wand of iceblast (52)
 y - a wand of digging (28)
 A - a wand of mindburst (24)
Scrolls
 a - 2 scrolls of teleportation
 c - 3 scrolls of fog
 l - 3 scrolls of amnesia
 C - a scroll of immolation {unknown}
 E - 19 scrolls of identify
 I - 3 scrolls of silence
 J - 5 scrolls of magic mapping
 W - 4 scrolls of enchant armour
Potions
 h - 2 potions of invisibility
 i - 7 potions of haste
 j - 3 potions of heal wounds
 k - a potion of brilliance
 n - 10 potions of flight
 o - a potion of berserk rage
 q - 9 potions of curing
 s - 2 potions of mutation
 z - a potion of magic
 B - 4 potions of cancellation
 K - 2 potions of might
 L - 3 potions of ambrosia


   Skills:
 + Level 16.7 Fighting
 + Level 20.7 Axes
 + Level 6.0 Throwing
 + Level 15.0 Armour
 + Level 4.2 Dodging
 + Level 2.6 Stealth
 + Level 20.8 Shields
 + Level 4.8 Invocations


You had 16 spell levels left.
You didn't know any spells.
Your spell library contained the following spells:

 Spells                   Type           Power      Damage    Failure   Level
 Apportation              Tloc           0%         N/A       97%         1
 Freeze                   Ice            0%         1d3       97%         1
 Necrotise                Necr           0%         1d4       97%         1
 Sting                    Tmut/Pois      0%         1d3       97%         1
 Blink                    Tloc           0%         N/A       99%         2
 Lesser Beckoning         Tloc           0%         N/A       99%         2
 Momentum Strike          Conj/Tloc      0%         3d8       99%         2
 Poisonous Vapours        Pois/Air       0%         N/A       99%         2
 Sublimation of Blood     Necr           0%         N/A       99%         2
 Gell's Gravitas          Tloc           0%         N/A       100%        3
 Hailstorm                Conj/Ice       0%         3d3       100%        3
 Portal Projectile        Hex/Tloc       0%         N/A       100%        3
 Teleport Other           Tloc           0%         N/A       100%        3
 Vhi's Electric Charge    Tloc/Air       0%         N/A       100%        3
 Ice Form                 Ice/Tmut       0%         N/A       100%        4
 Leda's Liquefaction      Hex/Erth       0%         N/A       100%        4
 Manifold Assault         Tloc           0%         N/A       100%        4
 Olgreb's Toxic Radiance  Pois           0%         N/A       100%        4
 Petrify                  Tmut/Erth      0%         N/A       100%        4
 Arcjolt                  Conj/Air       0%         1d10      100%        5
 Blade Hands              Tmut           0%         N/A       100%        5
 Borgnjor's Vile Clutch   Necr/Erth      0%         N/A       100%        5
 Irradiate                Conj/Tmut      0%         3d11      100%        5
 Lee's Rapid Deconstruct  Erth           0%         3d4*      100%        5
 Plasma Beam              Fire/Air       0%         2x1d11    100%        6
 Statue Form              Tmut/Erth      0%         N/A       100%        6
 Ozocubu's Refrigeration  Ice            0%         4d7       100%        7
 Storm Form               Tmut/Air       0%         N/A       100%        7
 Maxwell's Capacitive Co  Air            0%         ∞         100%        8
 Summon Small Mammal      Summ           Unusable   N/A       N/A         1
 Call Canine Familiar     Summ           Unusable   N/A       N/A         3
 Summon Guardian Golem    Hex/Summ       Unusable   N/A       N/A         3
 Tukima's Dance           Hex            Unusable   N/A       N/A         3
 Animate Dead             Necr           Unusable   N/A       N/A         4
 Death Channel            Necr           Unusable   N/A       N/A         6
 Simulacrum               Ice/Necr       Unusable   N/A       N/A         6

Dungeon Overview and Level Annotations

Branches:
Dungeon (15/15)            Temple (1/1) D:7            Lair (5/5) D:10
 Shoals (0/4) Lair:2        Snake (4/4) Lair:3        Slime (0/5) Lair:4
    Orc (2/2) D:9             Elf (0/3) Orc:2        Vaults (0/5) D:13
 Depths (0/4) D:15

Altars:
Ashenzari
Cheibriados
Dithmenos
Elyvilon
Fedhas
Gozag
Hepliaklqana
Kikubaaqudgha
Makhleb
Nemelex Xobeh
Okawaru
Qazlal
Ru
Sif Muna
Trog
Uskayaw
Vehumet
Wu Jian
Xom
Yredelemnul
Zin
The Shining One
Jiyva

Shops:
D:1 =   Orc:2 !:![*   Snake:1 ?*=

Annotations:
Snake:2 2 transporters, funkygono's ghost, adept MiFi


Innate Abilities, Weirdness & Mutations

You have a pair of horns on your head.
You reflexively headbutt those who attack you in melee.


Message History

* * * LOW HITPOINT WARNING * * *
The naga loses its grip on you. The naga mage spits poison at you.
You block the splash of poison.
You feel much better.
You feel extremely sick. You block the nagaraja's attack.
The nagaraja grabs you. The nagaraja constricts you.
The naga sharpshooter spits poison at you.
You block the splash of poison.
The naga mage hits you but does no damage.
The salamander hits you but does no damage.
A naga comes into view. It is wielding a +0 dire flail.
The naga sharpshooter unwields a +0 long sword.
The naga sharpshooter wields a +3 shortbow.
The naga sharpshooter mumbles some strange words.
The naga sharpshooter magically shoots an arrow.
You block the arrow. The naga spits poison at you.
The splash of poison hits you but does no damage.
You are more poisoned.
You block the nagaraja's attack. The nagaraja constricts you.
The nagaraja's grasp on you weakens, but your attempt to escape fails.
You feel extremely sick. You block the naga mage's attack.
The naga sharpshooter shoots an arrow.
You block the arrow.
The salamander hits you but does no damage.
The nagaraja hits you but does no damage.
The nagaraja constricts you.
The naga sharpshooter spits poison at you.
You block the splash of poison. The naga mage barely misses you.
You furiously retaliate!
You headbutt the naga mage! You block the naga's attack.
You escape the nagaraja's grasp.
You feel extremely sick. You block the naga mage's attack.
The naga sharpshooter shoots an arrow.
You block the arrow. You block the nagaraja's attack.
The nagaraja closely misses you.
The naga sharpshooter shoots an arrow.
The arrow hits you!
You die...

###...................#
####................#
#####.............
######......## #......#
#).....# #).....#
#.)....#
######@NN...###
#.......N......
.....#.N........ ....
#.......... ...
....^N...... ..
####.N....### #
#......# #...N.N#
#...#..#


You could see a nagaraja (fast), 2 naga sharpshooters, a salamander, a naga mage
(fast) and 3 nagas.

Vanquished Creatures
  Vashnia (Snake:3)
  Jorgrun (Orc:2)
  Rupert (Orc:2)
  Gastronok (D:11)
  Roxanne (D:14)
  Kirke (Lair:3)
  A nagaraja (Snake:4)
  A frost giant (D:15)
  The ghost of vineage the Bludgeoner, an adept GrFi of Okawaru (D:15)
  Aizul (Snake:3)
  An orc warlord (Orc:1)
  Nessos (Orc:2)
  Josephine (D:11)
  2 salamander tyrants
  2 hydras
  A rakshasa (D:14)
  4 vault guards (D:13)
  Harold (D:11)
  3 centaur warriors
  A catoblepas (Lair:4)
  2 ogre magi
  3 anacondas
  8 naga warriors
  4 boulder beetles
  The ghost of UltrafastDeath the Carver, a novice DgWn (D:9)
  4 tengu warriors
  6 two-headed ogres
  4 death yaks
  An orc high priest (Orc:1)
  4 shock serpents
  19 naga sharpshooters
  A deep elf knight (D:13)
  Nergalle (D:12)
  A skyshark (Lair:5)
  Amaemon (D:9)
  15 spriggans (Lair:5)
  2 salamander mystics (Snake:4)
  The ghost of roxyxy the Geomancer, a novice GrEE of Gozag (Lair:1)
  A sea snake (Snake:3)
  2 naga ritualists
  3 lindwurms
  2 wizards
  7 mana vipers
  11 orc sorcerers
  11 ugly things
  2 deep elf pyromancers
  A manticore (D:9)
  10 salamanders
  3 orc knights
  Maurice (Orc:2)
  30 elephants
  16 naga magi
  5 cyclopes
  A black mamba (shapeshifter) (D:15)
  29 black mambas
  A guardian serpent (shapeshifter) (D:13)
  A guardian serpent (Snake:3)
  An orange demon (D:9)
  A gargoyle (D:13)
  A torpor snail (Lair:5)
  14 cane toads
  2 kobold demonologists (D:11)
  An unseen horror (D:12)
  6 komodo dragons
  4 yaktaurs (D:15)
  5 rime drakes
  3 efreet
  2 freezing wraiths (D:14)
  10 polar bears
  10 trolls
  5 hornets
  17 dream sheep
  9 blink frogs (Lair:5)
  Sigmund (D:6)
  2 slime creatures (D:9)
  A centaur simulacrum (D:15)
  7 wyverns
  6 hogs (Lair:3)
  35 yaks
  8 wraiths
  2 shadows (D:10)
  3 vampires
  2 basilisks
  A human (D:13)
  A steam dragon (D:9)
  4 vampire mosquitoes (D:12)
  Menkaure (D:6)
  38 nagas
  3 wargs
  21 water moccasins
  3 acid dragons
  24 orc warriors
  16 black bears
  3 ice beasts
  3 sky beasts
  3 boggarts (Lair:5)
  37 wolves
  11 ogres
  2 phantoms (D:3)
  9 centaurs
  4 kobold brigands
  4 scorpions
  7 bullfrogs
  7 wights
  5 killer bees (D:10)
  3 electric eels
  4 howler monkeys
  10 jellies
  5 hounds
  Crazy Yiuf (D:5)
  10 orc priests
  2 gnoll boudas
  5 iguanas
  26 orc wizards
  7 hell rats (Lair:3)
  14 gnolls
  5 adders
  4 shadow imps
  3 white imps
  4 ufetubi
  A worm (D:2)
  2 dart slugs (D:3)
  85 orcs
  8 endoplasms
  2 giant cockroaches
  12 goblins
  7 hobgoblins
  5 jackals
  3 quokkas
  12 ball pythons
  A bat (D:1)
  2 frilled lizards
  25 kobolds
  7 rats
  5 bushes (Lair:3)
887 creatures vanquished.

Vanquished Creatures (others)
  An orc warrior (D:13)
  A boggart (Lair:5)
  3 orc wizards (Orc:2)
  A bush (Lair:3)
  4 demonic plants (D:7)
  21 fungi
  100 plants
131 creatures vanquished.

Grand Total: 1018 creatures vanquished

Notes
Turn   | Place    | Note
-------+----------+-------------------------------------------
     0 | D:1      | funkygono the Minotaur Fighter began the quest for the Orb.
     0 | D:1      | Reached XP level 1. HP: 19/19 MP: 0/0
    94 | D:1      | Reached XP level 2. HP: 27/27 MP: 1/1
   259 | D:1      | Reached XP level 3. HP: 33/33 MP: 2/2
   314 | D:1      | Found Qaneisyn's Jewellery Shoppe.
  1075 | D:2      | Reached XP level 4. HP: 37/40 MP: 3/3
  1612 | D:3      | Found a faded altar of an unknown god.
  1836 | D:3      | Reached skill level 5 in Armour
  1941 | D:3      | Noticed a phantom
  1946 | D:3      | Found the ring of the Octopus King
  1949 | D:3      | Killed a phantom
  1950 | D:3      | Reached skill level 1 in Dodging
  1950 | D:3      | Reached XP level 5. HP: 36/47 MP: 4/4
  1957 | D:3      | Identified a ring of the Octopus King {rN+ HP+2 AC+2 EV+2
                  | SH+2}
  2357 | D:3      | Noticed a phantom
  2368 | D:3      | Killed a phantom
  2369 | D:3      | Reached XP level 6. HP: 53/53 MP: 5/5
  2563 | D:4      | Reached skill level 5 in Shields
  2821 | D:4      | Reached skill level 5 in Axes
  3055 | D:4      | Identified 2 scrolls of acquirement
  3055 | D:4      | Acquired the scarf of Keutaogo {harm, -Tele rF+++ rN+
                  | Regen+}
  3062 | D:4      | Acquired the +5 broad axe of Zawkaf {flame, Drain rElec
                  | rPois Str+4}
  3087 | D:5      | Entered Level 5 of the Dungeon
  3125 | D:5      | Reached XP level 7. HP: 54/60 MP: 6/6
  3267 | D:5      | Found a runed translucent door.
  3268 | D:5      | Noticed Crazy Yiuf
  3273 | D:5      | Killed Crazy Yiuf
  3366 | D:5      | Reached skill level 5 in Fighting
  3452 | D:5      | Found a bloodstained altar of Trog.
  3452 | D:5      | Found a snail-covered altar of Cheibriados.
  3452 | D:5      | Found a stormy altar of Qazlal.
  3452 | D:5      | Found an ornate altar of the Wu Jian Council.
  3458 | D:5      | Found a glowing silver altar of Zin.
  3458 | D:5      | Found a broken altar of Ashenzari.
  3749 | D:6      | Noticed Menkaure
  3754 | D:6      | Killed Menkaure
  3755 | D:6      | Reached XP level 8. HP: 68/68 MP: 7/7
  3831 | D:6      | Noticed Sigmund
  3843 | D:6      | Killed Sigmund
  3844 | D:6      | Reached skill level 1 in Stealth
  4598 | D:7      | Found a staircase to the Ecumenical Temple.
  4613 | Temple   | Entered the Ecumenical Temple
  4628 | Temple   | Became a worshipper of Warmaster Okawaru
  4665 | D:7      | Reached skill level 10 in Axes
  4742 | D:7      | Noticed a two-headed ogre
  4755 | D:7      | Killed a two-headed ogre
  4755 | D:7      | Reached * piety under Okawaru
  4756 | D:7      | Reached XP level 9. HP: 37/75 MP: 8/8
  4902 | D:7      | Reached ** piety under Okawaru
  5063 | D:7      | Found a sparkling altar of Nemelex Xobeh.
  5191 | D:8      | Reached XP level 10. HP: 86/86 MP: 9/9
  5362 | D:8      | Reached *** piety under Okawaru
  5683 | D:8      | Received a gift from Okawaru
  5929 | D:9      | Found a runed translucent gate.
  5930 | D:9      | Found a runed translucent gate.
  5934 | D:9      | Found a runed translucent gate.
  5936 | D:9      | Noticed UltrafastDeath's ghost (novice DgWn)
  6077 | D:9      | Found a staircase to the Orcish Mines.
  6383 | D:9      | Reached **** piety under Okawaru
  6402 | D:9      | Noticed Amaemon
  6403 | D:9      | Noticed an orange demon
  6411 | D:9      | Killed an orange demon
  6417 | D:9      | Killed Amaemon
  6499 | D:9      | Found a huge runed translucent gate.
  6499 | D:9      | Noticed a death yak
  6500 | D:9      | Found a huge runed translucent gate.
  6500 | D:9      | Found a huge runed translucent gate.
  6500 | D:9      | Found a huge runed translucent gate.
  6500 | D:9      | Noticed a manticore
  6506 | D:9      | Reached XP level 11. HP: 94/94 MP: 10/10
  6929 | D:9      | Found a viscous altar of Jiyva.
  6943 | D:9      | Killed UltrafastDeath's ghost
  6944 | D:9      | Reached skill level 10 in Armour
  6957 | D:9      | Identified the +1 war axe of Moral Flaws {freeze, rElec
                  | rPois Will- rCorr}
  7024 | D:10     | Entered Level 10 of the Dungeon
  7242 | D:10     | Reached ***** piety under Okawaru
  7245 | D:10     | Reached skill level 15 in Axes
  7358 | D:10     | Noticed a two-headed ogre
  7363 | D:10     | Killed a two-headed ogre
  7363 | D:10     | Identified the +1 hat of Hysteria {-Tele rN++ Int+6}
                  | (Okawaru gifted it to you on level 10 of the Dungeon)
  7363 | D:10     | Received a gift from Okawaru
  7397 | D:10     | Found a portal to a secret trove of treasure.
  7401 | D:10     | You paid a toll of 4 potions of resistance to enter a
                  | treasure trove
  7402 | Trove    | Entered a treasure trove
  7407 | Trove    | Found the amulet of Vitality {RegenMP++ Regen++}
  7407 | Trove    | Found the +10 tower shield of Ignorance {rN+ Int-4}
  7409 | Trove    | Identified the +4 broad axe "Testudinebane" {heavy, Contam
                  | Fly rN+ Int+3}
  7410 | Trove    | Identified the ring of the Cursing Fool {rElec rF+ Will-
                  | Str+6 Int+5}
  7429 | Trove    | Identified the ring "Vijal" {+Blink EV+5 Int+2 Dex+5}
  7433 | Trove    | Identified the +0 ring mail "Zotuv" {rC- Int+4 Stlth+}
  7544 | D:10     | Found a staircase to the Lair.
  8054 | Lair:1   | Entered Level 1 of the Lair of Beasts
  8271 | Lair:1   | Found a transporter.
  8313 | Lair:1   | Found a transporter.
  8323 | Lair:1   | Noticed roxyxy's ghost (novice GrEE)
  8335 | Lair:1   | Noticed a lindwurm
  9007 | Lair:2   | Reached XP level 12. HP: 92/105 MP: 11/11
  9021 | Lair:2   | Reached skill level 10 in Shields
  9031 | Lair:2   | Received a gift from Okawaru
  9044 | Lair:2   | Noticed an eight-headed hydra
  9047 | Lair:2   | Found a staircase to the Shoals.
  9052 | Lair:2   | Killed a four-headed hydra
  9053 | Lair:2   | Reached skill level 10 in Fighting
  9158 | Lair:2   | Identified the +0 pair of gloves "Agaak" {Int+4} (Okawaru
                  | gifted it to you on level 2 of the Lair of Beasts)
  9158 | Lair:2   | Received a gift from Okawaru
  9311 | Lair:2   | Reached skill level 1 in Invocations
  9668 | Lair:3   | Noticed Kirke
  9700 | Lair:3   | Killed Kirke
  9781 | Lair:3   | Reached XP level 13. HP: 112/114 MP: 13/13
 10054 | Lair:3   | Found a staircase to the Snake Pit.
 10615 | Lair:4   | Found a runed translucent door.
 10616 | Lair:4   | Found a viscous altar of Jiyva.
 10616 | Lair:4   | Found a staircase to the Slime Pits.
 10834 | Lair:4   | Received a gift from Okawaru
 11393 | Lair:5   | Entered Level 5 of the Lair of Beasts
 11510 | Lair:5   | Reached XP level 14. HP: 125/125 MP: 15/15
 11617 | Lair:5   | Identified the +9 hand axe "Japlem" {elec, Fragile Fly
                  | Str+5} (Okawaru gifted it to you on level 5 of the Lair of
                  | Beasts)
 11617 | Lair:5   | Received a gift from Okawaru
 11764 | Lair:5   | Identified the +7 war axe "Pendulum" {freeze, MP+9 Int-5
                  | Dex+4}
 12619 | Lair:1   | Killed roxyxy's ghost
 12625 | Lair:1   | Reached skill level 15 in Shields
 12903 | Orc:1    | Entered Level 1 of the Orcish Mines
 13093 | Orc:2    | Entered Level 2 of the Orcish Mines
 13093 | Orc:2    | Noticed Maurice
 13118 | Orc:2    | Killed Maurice
 13144 | Orc:2    | Noticed Jorgrun
 13156 | Orc:2    | Killed Jorgrun
 13156 | Orc:2    | Received a gift from Okawaru
 13262 | Orc:2    | Found a staircase to the Elven Halls.
 13300 | Orc:2    | Found Wukheona's Gadget Gallery.
 13300 | Orc:2    | Noticed Rupert
 13314 | Orc:2    | Killed Rupert
 13445 | Orc:2    | Found Qauz's Antique Armour Shoppe.
 13485 | Orc:2    | Found an ancient bone altar of Kikubaaqudgha.
 13490 | Orc:2    | Paralysed by an orc sorcerer for 2 turns
 13504 | Orc:2    | Found Rusauneh's Distillery.
 13535 | Orc:2    | Found a radiant altar of Vehumet.
 13538 | Orc:2    | Reached XP level 15. HP: 136/136 MP: 16/16
 13566 | Orc:2    | Noticed Nessos
 13619 | Orc:2    | Killed Nessos
 13678 | Orc:2    | Found Ufolaor's Distillery.
 13724 | Orc:2    | Found Ylaetook's Book Shoppe.
 13968 | Orc:1    | Identified the -1 tower shield of the Distant Future
                  | {*Corrode +Blink +Inv Int+2} (Okawaru gifted it to you on
                  | level 1 of the Orcish Mines)
 13968 | Orc:1    | Received a gift from Okawaru
 14441 | D:11     | Noticed Gastronok
 14451 | D:11     | Killed Gastronok
 14496 | D:11     | Noticed Harold
 14503 | D:11     | Killed Harold
 14826 | D:11     | Noticed Josephine
 14842 | D:11     | Killed Josephine
 15295 | D:12     | Noticed Nergalle
 15309 | D:12     | Killed Nergalle
 16487 | D:13     | Found a gate to the Vaults.
 16631 | D:13     | Acquired a manual of Fighting
 16739 | D:14     | Noticed Roxanne
 16762 | D:14     | Killed Roxanne
 16846 | D:14     | Identified the ring of the Neverending Realms {rF+ rC+++
                  | Str+5 Stlth-}
 16957 | D:14     | Found an ornate altar of the Wu Jian Council.
 17136 | D:14     | Acquired a manual of Dodging
 17149 | D:15     | Entered Level 15 of the Dungeon
 17212 | D:15     | Reached skill level 15 in Fighting
 17217 | D:15     | Received a gift from Okawaru
 17440 | D:15     | Found a staircase to the Depths.
 17440 | D:15     | Noticed a frost giant
 17448 | D:15     | Killed a frost giant
 17449 | D:15     | Reached XP level 16. HP: 141/149 MP: 15/18
 17526 | D:15     | Found a runed translucent door.
 17534 | D:15     | Noticed vineage's ghost (adept GrFi)
 17734 | D:15     | Killed vineage's ghost
 17743 | D:15     | Identified the staff of poison "Fuabef" {*Slow rPois Str+2
                  | Int+2 SInv}
 18017 | Snake:1  | Entered Level 1 of the Snake Pit
 18279 | Snake:1  | Found Doad's Jewellery Boutique.
 18284 | Snake:1  | Found Appei's Assorted Antiques.
 18492 | Snake:1  | Identified the +2 robe "Lyarya" {Will+ rCorr} (Okawaru
                  | gifted it to you on level 1 of the Snake Pit)
 18492 | Snake:1  | Received a gift from Okawaru
 18887 | Snake:1  | Reached skill level 1 in Throwing
 19049 | Snake:1  | Found Ecvay's Magic Scroll Shoppe.
 19560 | Snake:2  | Found a transporter.
 19665 | Snake:2  | Found a transporter.
 19668 | Snake:2  | Noticed funkygono's ghost (adept MiFi)
 19675 | Snake:2  | Found a bloodstained altar of Trog.
 20013 | Snake:3  | Noticed Vashnia
 20200 | Snake:3  | Killed Vashnia
 20489 | Snake:3  | Noticed Aizul
 20499 | Snake:3  | Killed Aizul
 20504 | Snake:3  | Reached skill level 5 in Throwing
 20575 | Snake:3  | Got the Folio of the Congealing Hornet
 20979 | Snake:4  | Entered Level 4 of the Snake Pit
 21142 | Snake:4  | Received a gift from Okawaru
 21203 | Snake:4  | Reached XP level 17. HP: 159/159 MP: 15/19
 21397 | Snake:4  | Reached skill level 15 in Armour
 21572 | Snake:4  | HP: 7/162 [nagaraja/+0 club (15)]
 21575 | Snake:4  | Shot with an arrow by a naga sharpshooter

Illustrated notes

Levels and vault maps discovered:
D:1:      lemuel_arrival_lava_pool, layout_rooms, serial_shops, shop
D:2:      layout_loops_corners
D:3:      layout_loops_ring, serial_aquarium, aquarium_bridge_straight
          [aquarium_subvault_bridge, aquarium_subvault_balcony,
          aquarium_subvault_bridge, aquarium_subvault_balcony],
          aquarium_window_corridor_1, aquarium_window_double, aquarium_view_2b,
          aquarium_pool_1, shapermc_ecumenical_altar_pompeii,
          kennysheep_nondescript
D:4:      layout_cave_pools, chequers_avenue, grunt_ministairs_10,
          minmay_liquid_box, minivault_24
D:5:      layout_basic, minmay_overflow_temple_hex, uniq_crazy_yiuf_cottage
D:6:      layout_basic, kennysheep_generic_room_3, uniq_sigmund, uniq_menkaure
D:7:      layout_cave_pools, kennysheep_mini,
          minmay_temple_entry_drinking_statues, serial_demonic,
          serial_demonic_a, serial_demonic_e, serial_demonic_f, serial_demonic_b
D:8:      layout_loops_cross, special_room [special_room_orc],
          minmay_unpleasant_kobolds
D:9:      lemuel_bear_cage, layout_stronghold, orc_0_dummy,
          gammafunk_ghost_ooze, kennysheep_generic_room_8, uniq_amaemon
D:10:     nicolae_cairo_tiling, layout_basic, lair_entry_dummy, enter_trove_3
D:11:     layout_irregular_city, uniq_josephine, uniq_gastronok, uniq_harold
D:12:     layout_gridville, uniq_nergalle
D:13:     layout_irregular_city, grunt_vaults_entry_fortified
D:14:     layout_roguey, abandoned_shop, nicolae_wu_jian_wuxing_cycle,
          uniq_roxanne
D:15:     grunt_enter_depths_snipers, layout_basic,
          ebering_ghost_reflecting_pool, minmay_crystal_water
Temple:   hellmonk_temple_two_chambers
Lair:1:   layout_small_grid, nzn_ghost_randoct
Lair:2:   layout_concentric_octagons, minmay_shoals_entry_centaurs
Lair:3:   layout_gridlike, minmay_snake_entry_six_corridors, serial_forest,
          infiniplex_forest_fountain, infiniplex_forest_corner_2,
          infiniplex_forest_split, infiniplex_forest_end_3,
          infiniplex_forest_clump_small, infiniplex_forest_zigzag_2,
          infiniplex_forest_lined_2, infiniplex_forest_clump_long,
          nzn_sisyphean_effort, uniq_kirke
Lair:4:   cheibrodos_lair_overgrown_chateau, layout_regular_city, slime_entry_2
Lair:5:   minmay_lair_end_enchanted_forest, layout_regular_city,
          dreamdust_gnoll_shepherd, infiniplex_staircase_pool
Snake:1:  layout_chambers, serial_shops, nicolae_shop_rolled_up,
          minmay_shop_star
Snake:2:  layout_onion, gammafunk_ghost_wrathful_warriors
Snake:3:  layout_onion, serial_bayou_shore_a, uniq_vashnia, uniq_aizul
Snake:4:  minmay_snake_end_coiled, layout_rooms
Orc:1:    layout_caves
Orc:2:    kennysheep_orc_mage_school, layout_diamond_mine, basic_altar,
          nicolae_shop_gadgets, uniq_nessos, uniq_jorgrun, uniq_maurice,
          uniq_rupert

Skill      XL: |  1  2  3  4  5  6  7  8  9 10 11 12 13 14 15 16 17 |
---------------+----------------------------------------------------+-----
Fighting       | 4 5 6 7 8 9 10 11 13 15 16 | 16.7
Shields        | 4 5 6 7 8 9 12 14 16 18 20 | 20.8
Armour         | 4 5 6 7 8 9 11 12 13 14 15 | 15.0
Axes           | 3 4 5 8 10 12 14 16 17 18 19 20 | 20.7
Dodging        | 1 2 3 4 |  4.2
Stealth        | 1 2 |  2.6
Invocations    | 2 3 4 |  4.8
Throwing       | 5 6 |  6.0

Action                     |  1- 3 |  4- 6 |  7- 9 | 10-12 | 13-15 | 16-18 || total
---------------------------+-------+-------+-------+-------+-------+-------++-------
  Melee: War axe           |    84 |   111 |       |       |       |       ||   195
         Headbutt          |     9 |    20 |    18 |    46 |   181 |   104 ||   378
         Broad axe         |       |     6 |   120 |   316 |   290 |       ||   732
         Hand axe          |       |       |       |       |   502 |   393 ||   895
  Throw: Boomerang         |       |       |       |       |     3 |   182 ||   185
 Invoke: Heroism           |       |       |       |    12 |    31 |    21 ||    64
    Use: Scroll            |       |    15 |     5 |     3 |     8 |     1 ||    32
         Potion            |       |       |       |     1 |       |     1 ||     2
 Armour: Scale mail        |    38 |    35 |       |       |       |       ||    73
         Chain mail        |       |    15 |    46 |     5 |       |       ||    66
         Plate armour      |       |       |       |   112 |   155 |    68 ||   335
  Dodge: Dodged            |    40 |    55 |    49 |    90 |   110 |    59 ||   403
  Block: Buckler           |    24 |    48 |    51 |    41 |       |       ||   164
         Tower shield      |       |       |       |   216 |   837 |   703 ||  1756

Table legend: (Time is in decaauts)
 A = Elapsed time spent in this place.
 B = Non-inter-level travel time spent in this place.
 C = Inter-level travel time spent in this place.
 D = Time resting spent in this place.
 E = Time spent auto-exploring this place.
 F = Levels seen in this place.
 G = Mean time per level.
                   A        B        C        D        E       F      G
               +--------+--------+--------+--------+--------+-----+--------+
         Total |  21322 |  20327 |    995 |    165 |  15233 |  28 |  761.5 |
       Dungeon |  11805 |  11188 |    617 |    165 |   8488 |  15 |  787.0 |
        Temple |     21 |     15 |      6 |      0 |     10 |   1 |   21.0 |
          Lair |   4689 |   4403 |    286 |      0 |   3328 |   5 |  937.8 |
     Snake Pit |   3450 |   3370 |     80 |      0 |   2485 |   4 |  862.5 |
  Orcish Mines |   1310 |   1304 |      6 |      0 |    921 |   2 |  655.0 |
         Trove |     44 |     44 |      0 |      0 |      0 |   1 |   44.0 |
               +--------+--------+--------+--------+--------+-----+--------+

Top non-repeatable levels by time:
     D:9: 1346 daAuts
 Snake:1: 1253 daAuts
    D:10: 1177 daAuts
  Lair:1: 1163 daAuts
     D:2: 1134 daAuts
  Lair:5: 1012 daAuts
     D:6: 976 daAuts
  Lair:4: 931 daAuts
     D:3: 923 daAuts
 Snake:3: 875 daAuts
   Orc:2: 846 daAuts
  Lair:3: 842 daAuts
    D:12: 831 daAuts
 Snake:2: 752 daAuts
    D:13: 749 daAuts
